 Dungeon Crawl Stone Soup version 0.29-a0-334-gb41bcbb86e (webtiles) character file.

Game seed: 2192413348482570687

46 enile the Digger (level 3, -2/20 HPs)
             Began as a Gargoyle Earth Elementalist on Apr 14, 2022.
             Slain by an orc
             ... wielding a +1 hand axe of flaming
              (5 damage)
             ... on level 3 of the Dungeon.
             The game lasted 00:03:42 (1971 turns).

enile the Digger (Gargoyle Earth Elementalist)      Turns: 1971, Time: 00:03:43

Health: -2/20      AC:  5    Str: 10 (11) XL:     3   Next: 66%
Magic:  6/6        EV: 11    Int: 16 (17) God:
Gold:   105        SH:  0    Dex:  7 (10) Spells: 0/6 levels left

rFire   . . .      SeeInvis .   i - +5 dagger
rCold   . . .      Faith    .   (no shield)
rNeg    + . .      Spirit   .   b - +0 robe
rPois   ∞          Reflect  .   (no helmet)
rElec   +          Harm     .   (no cloak)
rCorr   .          Rampage  .   (no gloves)
Will    .....                   (no boots)
Stlth   ++........              (no amulet)
HPRegen 0.06/turn               (no ring)
MPRegen 0.10/turn               (no ring)

@: mighty, hasted, very quick
A: sickness immunity, AC +3, negative energy resistance 1, electricity
resistance, torment resistance 1, petrification resistance
a: no special abilities


You were on level 3 of the Dungeon.
You visited 1 branch of the dungeon, and saw 3 of its levels.

You collected 105 gold pieces.

Inventory:

Hand Weapons
 i - a +5 dagger (weapon)
Missiles
 a - 37 stones
 h - 6 poisoned darts
Armour
 b - a +0 robe (worn)
Scrolls
 g - a scroll of enchant armour
Potions
 c - 2 potions of magic
 d - a potion of lignification


   Skills:
 - Level 1.0 Fighting
 - Level 1.5 Dodging
 - Level 2.1 Stealth
 - Level 2.0 Spellcasting
 - Level 0.7 Transmutations
 + Level 5.3 Earth Magic


You couldn't memorise any spells.
You knew the following spells:

 Your Spells              Type           Power      Damage    Failure   Level
a - Sandblast             Erth           36%        2d10      2%          1
b - Passwall              Tmut/Erth      9%         N/A       9%          2
c - Stone Arrow           Conj/Erth      20%        3d8       22%         3

Your spell library contained the following spells:

 Spells                   Type           Power      Damage    Failure   Level
 Petrify                  Tmut/Erth      11%        N/A       52%         4


Dungeon Overview and Level Annotations

Branches:
Dungeon (3/15)

Altars:

Shops:
D:2 =


Innate Abilities, Weirdness & Mutations

You are immune to sickness and miasma.
Your stone body is resilient. (AC +3)
You are immune to poison.
You resist negative energy. (rN+)
You are resistant to electric shocks. (rElec)
You are resistant to unholy torment.
You are immune to petrification.


Message History

The orc hits you but does no damage. The orc hits you with a +0 club.
The orc hits you but does no damage. The orc hits you but does no damage.
The orc hits you with a +0 club. The orc hits you but does no damage.
The orc hits you but does no damage. x3
The orc barely misses you. The orc hits you but does no damage. x2
The orc hits you but does no damage. x3
The orc hits you with a +0 whip of pain.
The orc hits you but does no damage. x2
The orc hits you with a +0 whip of pain.
The orc hits you but does no damage. The orc completely misses you.
The orc hits you but does no damage. x3
Your transformation is almost over.
The orc hits you but does no damage. x3
The orc hits you with a +0 whip of pain.
The orc hits you but does no damage. x2
The orc hits you but does no damage. x3
The orc hits you but does no damage. The orc hits you with a +0 club.
The orc hits you with a +1 hand axe of flaming.
The orc burns you. The orc hits you but does no damage. x3
The orc hits you with a +0 whip of pain.
The orc hits you but does no damage.
The orc hits you with a +1 hand axe of flaming.
The orc burns you.
The orc hits you with a +0 whip of pain.
* * * LOW HITPOINT WARNING * * *
The orc hits you but does no damage. x2
The orc hits you but does no damage. x2
The orc hits you with a +1 hand axe of flaming.
* * * LOW HITPOINT WARNING * * *
The orc burns you.
* * * LOW HITPOINT WARNING * * *
The orc hits you but does no damage. x3
The orc hits you but does no damage. The orc barely misses you.
The orc hits you but does no damage.
You feel less wooden.
Your +0 robe unmelds from your body.
The orc barely misses you. x2
The orc hits you with a +1 hand axe of flaming.
You die...

....
.#
...#.#
.....#
.(..#
#...#
...##
#o..#
#o#.#
#@o.#
##o.##
#..!#
##..#
#..##
##..#
#..#
##.##
#..#


You could see 4 orcs.

Vanquished Creatures
  An orc (D:3)
  3 bats (D:1)
  7 endoplasms
  2 giant cockroaches (D:1)
  3 goblins
  A hobgoblin (D:1)
  2 jackals (D:2)
  3 quokkas
  4 ball pythons
  12 frilled lizards
  4 kobolds (D:1)
  A rat (D:1)
43 creatures vanquished.

Vanquished Creatures (others)
  8 plants (D:1)
8 creatures vanquished.

Grand Total: 51 creatures vanquished

Notes
Turn   | Place    | Note
-------+----------+-------------------------------------------
     0 | D:1      | enile the Gargoyle Earth Elementalist began the quest for
                  | the Orb.
     0 | D:1      | Reached XP level 1. HP: 10/10 MP: 3/3
   156 | D:1      | Reached skill level 1 in Fighting
   235 | D:1      | Reached skill level 4 in Earth Magic
   235 | D:1      | Reached XP level 2. HP: 15/16 MP: 0/5
   662 | D:1      | Reached XP level 3. HP: 20/20 MP: 4/6
   951 | D:1      | Reached skill level 5 in Earth Magic
  1100 | D:2      | Found Uhyry's Jewellery Shoppe.
  1254 | D:2      | Learned a level 2 spell: Passwall
  1258 | D:2      | Learned a level 3 spell: Stone Arrow
  1971 | D:3      | Slain by an orc

Illustrated notes

Levels and vault maps discovered:
D:1:      lemuel_arrival_behind_the_door_large, layout_loops_ring,
          chequers_serial_rivers_room_b, st_stairs_14, minivault_14,
          minmay_lizard_king
D:2:      layout_basic, serial_shops, nicolae_shop_competitors_out_of_business
D:3:      layout_basic

Skill      XL: |  1  2  3 |
---------------+----------+-----
Fighting       | 1 |  1.0
Earth Magic    | 4 5 |  5.3
Dodging        | |  1.5
Stealth        | |  2.1
Spellcasting   | |  2.0
Transmutations | |  0.7

Action                   || total
-------------------------++-------
Melee: Unarmed           ||     4
       Dagger            ||    16
 Cast: Sandblast         ||    39
       Stone Arrow       ||     3
  Use: Potion            ||     6
       Scroll            ||     3
Armor: Robe              ||     9
       Skin              ||    51
Dodge: Dodged            ||    22

Table legend: (Time is in decaauts)
 A = Elapsed time spent in this place.
 B = Non-inter-level travel time spent in this place.
 C = Inter-level travel time spent in this place.
 D = Time resting spent in this place.
 E = Time spent auto-exploring this place.
 F = Levels seen in this place.
 G = Mean time per level.
                   A        B        C        D        E       F      G
               +--------+--------+--------+--------+--------+-----+--------+
         Total |   1962 |   1848 |    114 |      0 |   1602 |   3 |  654.0 |
       Dungeon |   1962 |   1848 |    114 |      0 |   1602 |   3 |  654.0 |
               +--------+--------+--------+--------+--------+-----+--------+

Top non-repeatable levels by time:
     D:1: 1089 daAuts
     D:2: 672 daAuts
     D:3: 200 daAuts
